 Dungeon Crawl Stone Soup version 0.23-a0-516-g0f8c245 (webtiles) character file.

51 Flooderbenga the Chiller (level 3, -2/27 HPs)
             Began as a Merfolk Ice Elementalist on Dec 5, 2018.
             Killed by nerve-wracking pain
             ... invoked by an orc priest
              (11 damage)
             ... on level 2 of the Dungeon.
             The game lasted 00:11:21 (1797 turns).

Flooderbenga the Chiller (Merfolk Ice Elementalist) Turns: 1797, Time: 00:11:21

Health: -2/27      AC:  2    Str:  8    XL:     3   Next: 83%
Magic:  2/6        EV: 13    Int: 15    God:
Gold:   133        SH:  0    Dex: 14    Spells: 3/6 levels left

rFire    . . .     SeeInvis .   (no weapon)
rCold    . . .     Gourm    .   (no shield)
rNeg     . . .     Faith    .   a - +0 robe
rPois    .         Spirit   .   (no helmet)
rElec    .         Reflect  .   (no cloak)
rCorr    .         Harm     .   (no gloves)
MR       .....                  (no boots)
Stlth    ++........             e - amulet of rage
HPRegen  0.09/turn              (no ring)
MPRegen  0.10/turn              (no ring)

@: no status effects
A: change form in water, swift swim, stealthy swim
a: Evoke Berserk Rage


You were on level 2 of the Dungeon.
You were very hungry.

You visited 1 branch of the dungeon, and saw 2 of its levels.

You collected 133 gold pieces.

Inventory:

Missiles
 k - 29 stones (quivered)
 l - 13 bolts
 n - 35 arrows
Armour
 a - a +0 robe (worn)
 b - a +0 leather armour
Jewellery
 e - an amulet of rage (around neck)
Scrolls
 d - a scroll of fear {@r5}
 f - a scroll of teleportation {unknown}
 g - a scroll of magic mapping {unknown}
 h - a scroll of immolation {unknown}
 i - a scroll of amnesia {unknown}
 s - a scroll of enchant armour {unknown}
Potions
 j - 3 potions of curing {unknown}
 m - a potion of mutation
 o - a potion of heal wounds {@q2}
 p - a potion of lignification {unknown}
 q - a potion of cancellation {unknown}
Comestibles
 c - 3 rations


   Skills:
 + Level 1.8 Fighting
 - Level 3.0 Dodging
 - Level 2.1 Stealth
 - Level 2.0 Spellcasting
 * Level 1.4 Conjurations
 * Level 4.1 Ice Magic


You had 3 spell levels left.
You knew the following spells:

 Your Spells              Type           Power        Failure   Level  Hunger
a - Freeze                Ice            ##..         4%          1    #......
x - Throw Frost           Conj/Ice       #.....       11%         2    ###....

Your spell library contained the following spells:

 Spells                   Type           Power        Failure   Level  Hunger
 Ozocubu's Armour         Chrm/Ice       #.......     28%         3    ###....
 Throw Icicle             Conj/Ice       #.......     56%         4    #####..
 Summon Ice Beast         Ice/Summ       #.......     67%         4    #####..


Dungeon Overview and Level Annotations

Branches:
Dungeon (2/15)

Altars:


Message History

Aim: an orc priest, wielding a +0 club The puff of frost hits the orc priest.
The orc priest calls down the wrath of Beogh upon you.
Beogh smites you!
You hear a shout!
You take 10 damage, and have 17/27 hp.
MASSIVE DAMAGE!!
You now have 3/6 mp.
Aim: an orc priest, wielding a +0 club (heavily wounded)
The puff of frost hits the orc priest.
You are feeling very hungry.
You hear a shout!
An orc wizard comes into view. It is wielding a +0 dagger.
You now have 1/6 mp.
The orc priest mumbles some strange prayers to Beogh against you.
Beogh smites you!
* * * LOW HITPOINT WARNING * * *
You take 9 damage, and have 8/27 hp.
MASSIVE DAMAGE!!
There is a stone staircase leading up, spattered with blood here.
The orc priest invokes the aid of Beogh against you.
Pain shoots through your body!
You die... gw

... .. ..#..♣♣♣P ...## #.#
#.##. .♣.P♣♣
...##.#######......♣....
..............#.##.P.♣
#.#).....# ##>#.#...♣ ♣
#.#.$....###...#..♣.♣♣♣ #.
#.#........#..#.#......
....##.#......#.#....#......
#......#...@..#.#..###..####
#..........÷.###..#
#o#####.#.#.......#
#.####.......###.##
#.##.........# .#.#
.o.#.#..#......# #.#
o#..#.#..####....# ...
#.#.......# #.##... ##. #
.....#... ..# ...


You could see an orc priest.

Vanquished Creatures
  An adder (D:2)
  3 dart slugs (D:1)
  4 leopard geckos
  2 ball pythons (D:1)
  2 giant cockroaches (D:1)
  A goblin (D:1)
  2 hobgoblins (D:1)
  5 kobolds
  A quokka (D:1)
  5 bats
  3 frilled lizards (D:2)
  6 rats (D:1)
35 creatures vanquished.

Notes
Turn   | Place    | Note
-------+----------+-------------------------------------------
     0 | D:1      | Flooderbenga the Merfolk Ice Elementalist began the quest
                  | for the Orb.
     0 | D:1      | Reached XP level 1. HP: 13/13 MP: 3/3
   222 | D:1      | Reached XP level 2. HP: 9/20 MP: 1/5
   246 | D:1      | Reached skill level 1 in Fighting
   616 | D:1      | Learned a level 2 spell: Throw Frost
   736 | D:1      | Reached skill level 1 in Conjurations
   736 | D:1      | Reached XP level 3. HP: 23/26 MP: 1/6
  1466 | D:2      | Reached skill level 4 in Ice Magic
  1797 | D:2      | Killed from afar by an orc priest

Vault maps used:
D:1:      lightli_arrival_statuegarden, minmay_vboxes
D:2:      serial_forest, infiniplex_forest_diagonal, infiniplex_forest_corner_2,
          infiniplex_forest_lined_room_3, infiniplex_forest_lined_ring,
          infiniplex_forest_straight_4, infiniplex_forest_end_2,
          infiniplex_forest_straight_2, infiniplex_forest_zigzag_2

Skill      XL: |  1  2  3 |
---------------+----------+-----
Dodging        | 3 |  3.0
Fighting       | 1 |  1.8
Conjurations   | 1 |  1.4
Ice Magic      | 4 |  4.1
Stealth        | |  2.1
Spellcasting   | |  2.0

Action                   || total
-------------------------++-------
Melee: Unarmed           ||    33
       Tailslap          ||     1
 Cast: Freeze            ||    54
       Throw Frost       ||     4
  Use: Scroll            ||     4
 Stab: Sleeping          ||     1
  Eat: Chunk             ||     3
Armor: Leather armour    ||    11
       Robe              ||     4
Dodge: Dodged            ||    89

Table legend:
 A = Non-vault XP
 B = Vault XP
 C = Vault XP percentage of total XP
 D = Non-vault monster count
 E = Vault monster count
 F = Vault count percentage of total count
                 A         B        C        D         E       F
            +---------+---------+-------+---------+---------+-------
      Total |      64 |      10 |  13.5 |      27 |       8 |  22.9
            +---------+---------+-------+---------+---------+-------
        D:1 |      40 |      10 |  20.0 |      19 |       8 |  29.6
        D:2 |      24 |       0 |   0.0 |       8 |       0 |   0.0
            +---------+---------+-------+---------+---------+-------
